 Dungeon Crawl Stone Soup version 0.29.1-15-g9cfb28693d (webtiles) character file.

Game seed: 13821299109682012927

162 Farfigtubin the Chopper (level 5, -3/47 HPs)
             Began as a Hill Orc Fighter on Mar 12, 2023.
             Constricted to death by Natasha (5 damage)
             ... on level 3 of the Dungeon.
             The game lasted 00:08:51 (2957 turns).

Farfigtubin the Chopper (Hill Orc Fighter)          Turns: 2957, Time: 00:08:53

Health: -3/47      AC:  9    Str: 21    XL:     5   Next: 43%
Magic:  0/5        EV: 10    Int:  8    God:
Gold:   78         SH:  4    Dex: 10    Spells: 4/4 levels left

rFire   . . .      SeeInvis .   a - +0 war axe (flame)
rCold   . . .      Faith    .   c - +0 buckler
rNeg    . . .      Spirit   +   b - +0 scale mail
rPois   .          Reflect  .   m - +0 helmet
rElec   .          Harm     .   (no cloak)
rCorr   .          Rampage  .   (no gloves)
Will    +....                   t - +0 pair of boots
Stlth   ..........              n - amulet of guardian spirit
HPRegen 0.15/turn               h - +4 ring of evasion
MPRegen 0.09/turn               p - ring of willpower

@: mighty, grasped by roots, constricted
A: no striking features
a: no special abilities


You were on level 3 of the Dungeon.
You visited 1 branch of the dungeon, and saw 3 of its levels.

You collected 233 gold pieces.
You spent 155 gold pieces at shops.

Inventory:

Hand Weapons
 a - a +0 war axe of flaming (weapon)
Missiles
 i - 27 stones (quivered)
 s - 2 silver javelins
Armour
 b - a +0 scale mail (worn)
 c - a +0 buckler (worn)
 m - a +0 helmet (worn)
 t - a +0 pair of boots (worn)
Jewellery
 h - a +4 ring of evasion (left hand)
 n - an amulet of guardian spirit (around neck)
 p - a ring of willpower (right hand)
Scrolls
 e - a scroll of torment
 f - a scroll of brand weapon
 k - 2 scrolls of teleportation
 q - a scroll of acquirement {unknown}
 u - a scroll of magic mapping
 v - 2 scrolls of fear
 w - a scroll of silence {unknown}
Potions
 d - a potion of might
 g - 2 potions of mutation {unknown}
 j - a potion of cancellation {unknown}
 l - a potion of heal wounds {unknown}
 o - 2 potions of curing {unknown}
 r - a potion of brilliance {unknown}


   Skills:
 + Level 4.7 Fighting
 * Level 5.4 Axes
 - Level 3.2 Armour
 + Level 4.3 Shields


You had 4 spell levels left.
You didn't know any spells.
Your spell library contained the following spells:

 Spells                   Type           Power      Damage    Failure   Level
 Iskenderun's Battlesphe  Conj           0%         2d6       100%        5
 Iron Shot                Conj/Erth      0%         9d1       100%        6
 Spellforged Servitor     Conj/Summ      0%         N/A       100%        7


Dungeon Overview and Level Annotations

Branches:
Dungeon (3/15)

Altars:
Kikubaaqudgha
Okawaru
Qazlal
Zin

Shops:
D:3 *

Annotations:
D:3 Natasha


Message History

Natasha is unaffected.
The grasping roots constrict you.
You closely miss Natasha.
Natasha casts a spell.
The grasping roots constrict you. Natasha claws you.
The grasping roots constrict you.
You closely miss Natasha. Natasha claws you but does no damage.
The grasping roots constrict you.
The grasping roots release their grip on you.
You closely miss Natasha.
Natasha zaps a wand.
The roots erupt in riotous growth!
The grasping roots grab you!
The white imp is unaffected.
Natasha is unaffected.
The grasping roots constrict you.
You hit Natasha. You burn Natasha.
Natasha is moderately wounded.
You hit the white imp. You burn the white imp. The white imp gestures at you.
The puff of frost hits you but does no damage.
Natasha casts a spell at you. The magic dart hits you.
* * * LOW HITPOINT WARNING * * *
The grasping roots constrict you.
* * * LOW HITPOINT WARNING * * *
You feel very mighty all of a sudden.
The white imp hits you but does no damage.
Natasha claws you but does no damage. The grasping roots constrict you.
* * * LOW HITPOINT WARNING * * *
You barely miss Natasha.
Natasha is moderately wounded.
You closely miss the white imp. The white imp hits you.
* * * LOW HITPOINT WARNING * * *
The white imp freezes you.
* * * LOW HITPOINT WARNING * * *
Natasha howls an incantation.
Natasha's front paws start to glow.
Natasha stares at you and mumbles some strange words.
The magic dart hits you.
* * * LOW HITPOINT WARNING * * *
The grasping roots constrict you.
You die...

#..####.####.....#######
#..##.....##.....##....) ####
#..#.......#.....##..... ...#
#..#.......#..^..##..... ...#
#......_.........##..... ...#
#####..#.......#...........) ...#
#.##...#.......#............
...###'##.#.##.....##.........###
............####@####.#.......#
...............5h.............#
.................[............###
.................................
#'#....#'#......................#
..#....'∩'......................#
.......#+#......................#
#.......................##......#
#.....###.......###.....##......#


You could see Natasha and a white imp (summoned).

Vanquished Creatures
  Natasha (twice) (D:3)
  Robin (D:3)
  4 adders
  A gnoll (D:1)
  A worm (D:2)
  A dart slug (D:1)
  4 ball pythons
  3 endoplasms (D:1)
  A giant cockroach (D:1)
  16 goblins
  A hobgoblin (D:2)
  3 jackals (D:1)
  A quokka (D:1)
  6 bats
  2 frilled lizards
  6 kobolds
  A rat (D:2)
54 creatures vanquished.

Notes
Turn   | Place    | Note
-------+----------+-------------------------------------------
     0 | D:1      | Farfigtubin the Hill Orc Fighter began the quest for the
                  | Orb.
     0 | D:1      | Reached XP level 1. HP: 19/19 MP: 1/1
    44 | D:1      | Reached skill level 3 in Axes
    44 | D:1      | Reached XP level 2. HP: 13/27 MP: 2/2
   641 | D:1      | Reached XP level 3. HP: 31/33 MP: 3/3
   936 | D:1      | Reached skill level 4 in Axes
  1248 | D:3      | Noticed Robin
  1270 | D:3      | Reached XP level 4. HP: 28/40 MP: 4/4
  1271 | D:3      | Killed Robin
  1968 | D:2      | Found a faded altar of an unknown god.
  2207 | D:3      | Found an iron altar of Okawaru.
  2282 | D:3      | Reached skill level 5 in Axes
  2342 | D:3      | Found Ygaotil's General Store.
  2345 | D:3      | Bought a scroll of magic mapping for 75 gold pieces
  2345 | D:3      | Bought 2 scrolls of fear for 80 gold pieces
  2368 | D:3      | Found a glowing silver altar of Zin.
  2457 | D:3      | Found a stormy altar of Qazlal.
  2490 | D:3      | Found an ancient bone altar of Kikubaaqudgha.
  2584 | D:3      | Noticed Natasha
  2591 | D:3      | Killed Natasha
  2592 | D:3      | Reached XP level 5. HP: 32/47 MP: 3/5
  2864 | D:3      | Noticed Natasha
  2874 | D:3      | Killed Natasha
  2936 | D:3      | Noticed Natasha
  2957 | D:3      | HP: 2/47 [Natasha/magic dart (2)]
  2957 | D:3      | Constricted to death by Natasha

Illustrated notes

Levels and vault maps discovered:
D:1:      amcnicky_arrival_underground_garden, layout_loops_ring, serial_forest,
          infiniplex_forest_lined_ring, infiniplex_forest_lined_3_way,
          infiniplex_forest_straight_5, infiniplex_forest_clump_long,
          minmay_tripent
D:2:      layout_basic, ebering_ecumenical_altar_box
D:3:      layout_basic, lemuel_doored_altar, mainiacjoe_overflow_paths,
          old_standard_altar, amcnicky_altar_gilded, serial_shops,
          nicolae_shop_behind_doors, uniq_natasha, uniq_robin

Skill      XL: |  1  2  3  4 |
---------------+-------------+-----
Axes           | 3 4 5 |  5.4
Fighting       | 4 |  4.7
Shields        | 4 |  4.3
Armour         | |  3.2

Action                   |  1- 3 |  4- 6 || total
-------------------------+-------+-------++-------
Melee: War axe           |    90 |   103 ||   193
  Use: Scroll            |       |     3 ||     3
       Potion            |       |     1 ||     1
Armor: Scale mail        |    40 |    46 ||    86
Dodge: Dodged            |    53 |    73 ||   126
Block: Buckler           |    17 |    22 ||    39
